 Dungeon Crawl Stone Soup version 0.29-a0-334-gb41bcbb86e (webtiles) character file.

Game seed: 13368384408461747820

65846 spaghetti the Sage (level 14, -1/126 HPs)
             Began as a Deep Dwarf Earth Elementalist on Apr 14, 2022.
             Was a High Priest of Sif Muna.
             Slain by a boulder beetle (38 damage)
             ... on level 13 of the Dungeon.
             The game lasted 01:04:40 (28328 turns).

spaghetti the Sage (Deep Dwarf Earth Elementalist) Turns: 28328, Time: 01:04:40

Health: -1/126     AC: 13    Str: 13    XL:     14   Next: 77%
Magic:  8/35 (26)  EV: 16    Int: 26    God:    Sif Muna [*****.]
Gold:   1460       SH:  0    Dex: 13    Spells: 2/28 levels left

rFire   . . .      SeeInvis .   m - staff of death {!astaff}
rCold   . . .      Faith    +   (no shield)
rNeg    + + .      Spirit   .   N - +0 steam dragon scales
rPois   .          Reflect  .   i - +2 hat
rElec   .          Harm     .   n - +1 cloak of Plasticity {Fly}
rCorr   .          Rampage  .   O - +0 pair of gloves
Will    ++...                   (no boots)
Stlth   ++........              x - amulet of faith {!P}
HPRegen 0.00/turn               M - ring of magical power
MPRegen 0.24/turn               V - +6 ring of intelligence

@: flying
A: damage resistance, heal wounds, negative energy resistance 1, sense
surroundings 2, no regeneration
a: Heal Wounds, Renounce Religion, Channel Magic, Forget Spell, Divine Exegesis


You were on level 13 of the Dungeon.
You worshipped Sif Muna.
Sif Muna was extremely pleased with you.
You visited 3 branches of the dungeon, and saw 21 of its levels.

You collected 1812 gold pieces.
You spent 352 gold pieces at shops.


Innate Abilities, Weirdness & Mutations

You are resistant to damage.
You can heal yourself by infusing magical energy.
You resist negative energy. (rN+)
You passively map the area around you.
You do not regenerate.


   Skills:
 - Level 8.0 Fighting
 - Level 10.0 Armour
 - Level 10.0 Dodging
 - Level 2.4 Stealth
 + Level 7.7 Spellcasting
 - Level 15.0 Necromancy
 - Level 0.8 Transmutations
 - Level 7.0 Earth Magic
 + Level 17.8 Invocations


You had 2 spell levels left.
You knew the following spells:

 Your Spells              Type           Power      Damage    Failure   Level
a - Sandblast             Erth           92%        2d19      1%          1
b - Passwall              Tmut/Erth      25%        N/A       1%          2
c - Stone Arrow           Conj/Erth      56%        3d10      4%          3
d - Vampiric Draining     Necr           93%        2d12      1%          3
e - Swiftness             Air            10%        N/A       17%         3
f - Dispel Undead         Necr           93%        3d29      1%          4
g - Death Channel         Necr           46%        N/A       1%          6
h - Animate Dead          Necr           46%        N/A       1%          4

Your spell library contained the following spells:

 Spells                   Type           Power      Damage    Failure   Level
 Animate Skeleton         Necr           100%       N/A       0%          1
 Pain                     Necr           100%       1d9       0%          1
 Apportation              Tloc           20%        N/A       6%          1
 Magic Dart               Conj           40%        1d5       6%          1
 Shock                    Conj/Air       40%        1d5       6%          1
 Slow                     Hex            40%        N/A       6%          1
 Summon Small Mammal      Summ           40%        N/A       6%          1
 Call Imp                 Summ           10%        N/A       9%          2
 Ensorcelled Hibernation  Hex/Ice        20%        N/A       9%          2
 Static Discharge         Conj/Air       10%        N/A       9%          2
 Agony                    Necr           93%        N/A       1%          5
 Excruciating Wounds      Necr           46%        N/A       1%          5
 Anguish                  Hex/Necr       32%        N/A       2%          4
 Petrify                  Tmut/Erth      30%        N/A       12%         4
 Confusing Touch          Hex            10%        N/A       17%         3
 Dazzling Flash           Conj/Hex       20%        N/A       17%         3
 Mephitic Cloud           Conj/Pois/Air  10%        N/A       17%         3
 Tukima's Dance           Hex            10%        N/A       17%         3
 Airstrike                Air            5%         N/A       50%         4
 Sticky Flame             Conj/Fire      10%        2d3       50%         4
 Borgnjor's Revivificati  Necr           46%        N/A       63%         8
 Lightning Bolt           Conj/Air       5%         1d17      85%         5
 Iron Shot                Conj/Erth      14%        9d4       91%         6
 Haunt                    Necr/Summ      32%        N/A       92%         7
 Enfeeble                 Hex            5%         N/A       100%        7
 Maxwell's Capacitive Co  Air            5%         ∞         100%        8
 Necromutation            Tmut/Necr      33%        N/A       100%        8
 Death's Door             Necr           46%        N/A       100%        9

Inventory:

Missiles
 a - 365 stones (quivered) {throwing}
 G - 8 curare-tipped darts {=fthrowing}
Armour
 i - a +2 hat (worn)
   (You found it on level 6 of the Dungeon)
 n - the +1 cloak of Plasticity (worn) {Fly}
   (You found it on level 11 of the Dungeon)

   Fly:       It grants you flight.
 N - +0 steam dragon scales (worn)
   (You found it on level 6 of the Dungeon)
 O - a +0 pair of gloves (worn)
   (You found it on level 4 of the Dungeon)
Magical Staves
 j - a staff of conjuration {!a@e2staff}
   (You found it on level 2 of the Lair of Beasts)
 m - a staff of death (weapon) {!astaff}
   (You found it on level 1 of the Dungeon)
Jewellery
 r - a ring of positive energy
   (You found it on level 12 of the Dungeon)
 x - an amulet of faith (around neck) {!P}
   (You found it on level 4 of the Dungeon)
 M - a ring of magical power (left hand)
   (You found it on level 6 of the Dungeon)
 V - a +6 ring of intelligence (right hand)
   (You found it on level 8 of the Dungeon)
Wands
 b - a wand of mindburst (12)
   (You found it on level 13 of the Dungeon)
 E - a wand of charming (6)
   (You took it off an orc on level 5 of the Dungeon)
 K - a wand of flame (25)
   (You found it on level 9 of the Dungeon)
 R - a wand of polymorph (12)
   (You found it on level 10 of the Dungeon)
 U - a wand of paralysis (6)
   (You took it off a gnoll on level 11 of the Dungeon)
 Y - a wand of iceblast (10)
   (You found it on level 1 of the Lair of Beasts)
Scrolls
 e - 6 scrolls of fear
 f - a scroll of holy word
 l - a scroll of enchant weapon
 u - 8 scrolls of teleportation {@r4}
 y - 2 scrolls of vulnerability {!r!r}
 A - 2 scrolls of enchant armour
 B - a scroll of amnesia
 F - 2 scrolls of immolation {!r!r}
 H - a scroll of identify {@r1}
 P - 4 scrolls of magic mapping {!r}
 Q - a scroll of torment {!r}
Potions
 c - 3 potions of magic
 d - 3 potions of brilliance
 h - a potion of cancellation
 k - 5 potions of haste {@q3}
 o - 6 potions of heal wounds {@q2}
 p - a potion of flight {unknown}
 q - a potion of berserk rage {unknown}
 s - a potion of attraction {unknown}
 w - 4 potions of mutation {unknown}
 z - 8 potions of curing {@q1}
 C - 3 potions of lignification {unknown}
 L - 3 potions of might
 T - 2 potions of degeneration {unknown}
 W - a potion of invisibility {unknown}
Miscellaneous
 J - a phantom mirror
   (You found it on level 6 of the Lair of Beasts)

Dungeon Overview and Level Annotations

Branches:
Dungeon (13/15)            Temple (0/1) D:5            Lair (6/6) D:11
 Shoals (0/4) Lair:2       Spider (0/4) Lair:3        Slime (0/5) Lair:5
    Orc (2/2) D:11
    Elf: Orc:2       Vaults: D:13-14

Altars:
Dithmenos
Elyvilon
Gozag
Makhleb
Qazlal
Ru
Sif Muna
Xom
Zin
The Shining One
Jiyva

Shops:
D:4 !   D:5 !   D:6 *

Annotations:
D:4 exclusions: 3 doors and ogre, Blork the orc
D:5 2 transporters, YayAnonymity's ghost, novice DrCj
D:7 3 runed translucent doors, Cecur's ghost, novice DrCj; SirDiesAlot's ghost, novice MiFi
D:11 1 runed translucent door, experimilk's ghost, journeyman PaFi
Lair:2 2 transporters, drugrobin's ghost, journeyman DgFi

...........................
, .
###############............
,,,. #..##########* ,. #..#
. #.°# , ,. #.°# * ,. #.○#
,, . ###############.B# , .
................@######## *
.
.................).......,
#################........ ,
, #.)...... ,, , #........
, , * ** *#........ , , , ,
......... . , ,,,, , ,
......).. , , ... ,, ,,
......... , ,


You could see a boulder beetle (rolling).


Message History

Your centaur zombie is destroyed!
Your culicivora bites the centaur warrior!
Your culicivora draws strength from the centaur warrior's injuries!
The centaur warrior shoots an arrow.
The arrow hits your spectral centaur! The arrow burns your spectral centaur.
Your spectral centaur is destroyed!
Your culicivora bites the centaur warrior!
Your culicivora draws strength from the centaur warrior's injuries!
Your culicivora bites the centaur warrior!
Your culicivora draws strength from the centaur warrior's injuries!
Casting: Animate Dead (safe; 1% risk of failure)
Confirm with . or Enter, or press ? or * to list all spells.
Aiming: Stone Arrow (mildly dangerous; 4% risk of failure)
Press: ? - help, Shift-Dir - straight line, f - troll, p - centaur warrior
Aim: a troll (71% to hit)
The stone arrow hits the troll!
The centaur warrior shoots an arrow.
The arrow closely misses you.
Your culicivora bites the centaur warrior!
Your culicivora draws strength from the centaur warrior's injuries! 😨 MP[-2]
You lost 2 mp, and now have 13/35 mp.
Casting: Stone Arrow (mildly dangerous; 4% risk of failure)
Confirm with . or Enter, or press ? or * to list all spells.
Aiming: Stone Arrow (mildly dangerous; 4% risk of failure)
Press: ? - help, Shift-Dir - straight line, f/p - troll
Aim: a troll (moderately wounded, 71% to hit)
The stone arrow hits the troll!
The centaur warrior unwields a +1 shortbow of flaming.
It stops flaming.
The centaur warrior wields a +0 falchion.
The centaur warrior hits your culicivora with a +0 falchion!
The centaur warrior kicks your culicivora.
Your culicivora bites the centaur warrior!!
The centaur warrior dies!
Sif Muna accepts your kill.
A glowing mist starts to gather... 😨 MP[-3]
You lost 3 mp, and now have 10/35 mp.
Casting: Stone Arrow (mildly dangerous; 4% risk of failure)
Confirm with . or Enter, or press ? or * to list all spells.
Aiming: Stone Arrow (mildly dangerous; 4% risk of failure)
Press: ? - help, Shift-Dir - straight line, f/p - troll
Aim: a troll (severely wounded, ally target, 71% to hit)
The stone arrow hits the troll! 😨 MP[-3]
You lost 3 mp, and now have 7/35 mp.
Casting: Stone Arrow (mildly dangerous; 4% risk of failure)
Confirm with . or Enter, or press ? or * to list all spells.
Aiming: Vampiric Draining (safe; 1% risk of failure)
Press: ? - help, Shift-Dir - straight line, f/p - troll
Aim: a troll (almost dead, ally target)
You feel a surge of power!
You draw life force from the troll!
You kill the troll!
Sif Muna accepts your kill.
You feel life coursing into your body.
A glowing mist starts to gather...
Your unholy channel is weakening. 😨 HP[+3] MP[-3]
You regained 3 hp, and now have 37/126 hp.
You lost 3 mp, and now have 4/35 mp.
You start resting.
Your unholy channel expires.
Your spectral troll fades into mist!
Your spectral centaur warrior fades into mist!
Your culicivora changes into a black mamba!
Your black mamba dissolves into shadows!
A boulder beetle is nearby! 😨 MP[+9]
You regained 9 mp, and now have 13/35 mp.
Casting: Vampiric Draining (safe; 1% risk of failure)
Confirm with . or Enter, or press ? or * to list all spells.
You can't see any susceptible monsters within range! (Use Z to cast anyway.)
Casting: Vampiric Draining (safe; 1% risk of failure)
Confirm with . or Enter, or press ? or * to list all spells.
Aiming: Passwall (safe; 1% risk of failure)
Press: ? - help, Dir - move target, f - you Please select a wall.
Okay, then.
Casting: Passwall (safe; 1% risk of failure)
Confirm with . or Enter, or press ? or * to list all spells.
You can't see any susceptible monsters within range! (Use Z to cast anyway.)
The boulder beetle curls into a ball and begins rolling!
Casting: Passwall (safe; 1% risk of failure)
Confirm with . or Enter, or press ? or * to list all spells.
You can't see any susceptible monsters within range! (Use Z to cast anyway.)
Casting: Passwall (safe; 1% risk of failure)
Confirm with . or Enter, or press ? or * to list all spells.
Aiming: Stone Arrow (mildly dangerous; 4% risk of failure)
Press: ? - help, Shift-Dir - straight line, f - boulder beetle
Aim: a boulder beetle (heavily wounded, rolling, 100% to hit)
The stone arrow hits the boulder beetle. 😨 MP[-2]
You lost 2 mp, and now have 11/35 mp.
Casting: Stone Arrow (mildly dangerous; 4% risk of failure)
Confirm with . or Enter, or press ? or * to list all spells.
Aiming: Stone Arrow (mildly dangerous; 4% risk of failure)
Press: ? - help, Shift-Dir - straight line, f/p - boulder beetle
Aim: a boulder beetle (heavily wounded, rolling, 100% to hit)
The stone arrow hits the boulder beetle.
The boulder beetle hits you!!!
You die...

Skill      XL: |  1  2  3  4  5  6  7  8  9 10 11 12 13 14 |
---------------+-------------------------------------------+-----
Earth Magic    | 6 7 |  7.0
Spellcasting   | 2 4 5 6 7 |  7.7
Necromancy     | 3 5 6 7 9 10 11 12 14 15 | 15.0
Invocations    | 2 6 10 13 14 15 16 17 | 17.8
Fighting       | 3 5 6 7 8 |  8.0
Armour         | 4 6 7 8 10 | 10.0
Dodging        | 4 6 8 9 10 | 10.0
Stealth        | |  2.4
Transmutations | |  0.8

Action                   |  1- 3 |  4- 6 |  7- 9 | 10-12 | 13-15 || total
-------------------------+-------+-------+-------+-------+-------++-------
Melee: Dagger            |     3 |       |       |       |       ||     3
       Staff             |       |    18 |     5 |    21 |    71 ||   115
       Punch             |       |     1 |       |       |       ||     1
Throw: Boomerang         |       |     2 |       |       |       ||     2
       Stone             |       |       |     9 |    52 |    37 ||    98
 Cast: Sandblast         |    39 |    41 |     7 |    28 |    42 ||   157
       Stone Arrow       |       |    19 |   107 |   209 |   258 ||   593
       Passwall          |       |     4 |       |       |       ||     4
       Vampiric Draining |       |    12 |    57 |   274 |   374 ||   717
       Dispel Undead     |       |       |       |     4 |     4 ||     8
       Death Channel     |       |       |       |       |    14 ||    14
       Animate Dead      |       |       |       |       |     9 ||     9
Invok: Channel Magic     |       |     3 |     9 |    12 |    17 ||    41
  Use: Scroll            |       |     4 |     2 |    11 |     4 ||    21
       Potion            |       |     3 |       |     1 |     2 ||     6
Armor: Robe              |     6 |     7 |     4 |       |       ||    17
       Steam dragon scal |       |       |    25 |   155 |   234 ||   414
Dodge: Dodged            |     6 |    34 |    62 |   362 |   561 ||  1025

Levels and vault maps discovered:
D:1:      nzn_arrival_crosshair, layout_loops_cross, basic_ecumenical_altar
D:2:      layout_loops_corners, serial_bayou_lagoon_a, uniq_terence
D:3:      layout_loops_ring, kennysheep_orc_chapel
D:4:      layout_basic, xom_teletrap_fun, tgw_sif,
          nicolae_ru_the_path_less_chosen, serial_shops, shop,
          dk_noncrumbling_4, minivault_11, nrook_mini_backslash,
          minmay_gold_behind_fungi, chequers_decorated_corner, minmay_cut_off
D:5:      layout_rooms, minmay_temple_entry_glassed_door, serial_shops,
          nicolae_diamond_shop, gammafunk_ghost_abyssal_escape
D:6:      minmay_clustersquares, layout_loops_ring,
          mainiacjoe_overflow_small_starburst, serial_shops,
          nicolae_stop_n_shop_1, due_unseen_surprise
D:7:      layout_basic, mainiacjoe_overflow_concentric_impassable,
          grunt_dithmenos_smoke_and_mirrors, gammafunk_ghost_cemetery,
          minmay_misc_feat_room, chequers_serial_rivers_marsh,
          lemuel_another_geyser
D:8:      layout_rooms
D:9:      layout_roguey, grunt_qazlal_sundering, lightli_wizard_tower,
          uniq_maggie, uniq_grum
D:10:     layout_stronghold, good_gods_temple_1
D:11:     layout_basic, erik_lair_island, erik_orc_2,
          hellmonk_ghost_happy_afterlife, uniq_fannar
D:12:     layout_roguey [special_room_orc], drop_trap
D:13:     layout_long_grid, hangedman_abyss_or_decor_slice
Lair:1:   layout_regular_city, grunt_megastairs_1
Lair:2:   layout_misc_corridors, minmay_shoals_entry_hut, gammafunk_ghost_hive,
          grunt_megastairs_4
Lair:3:   layout_regular_city, nicolae_spider_entry_non_spiders,
          grunt_megastairs_3, uniq_amaemon
Lair:4:   layout_cellular_growth, nicolae_volcano_entry_lava_flow,
          serial_bayou_shore_b
Lair:5:   layout_gridlike, slime_altar_1, gauntlet_entry_generic,
          chequers_serial_rivers_room_a
Lair:6:   minmay_lair_end_frog_pond, layout_layer_cave
Orc:1:    lemuel_ogre_cave, layout_diamond_mine
Orc:2:    grunt_orc_gardens, layout_caves, grunt_orc_garden, grunt_orc_garden,
          grunt_orc_garden, grunt_orc_garden

Notes
Turn   | Place    | Note
-------+----------+-------------------------------------------
     0 | D:1      | spaghetti the Deep Dwarf Earth Elementalist began the quest
                  | for the Orb.
     0 | D:1      | Reached XP level 1. HP: 15/15 MP: 3/3
     0 | D:1      | magus.rc [v1.9.6]
   230 | D:1      | Reached XP level 2. HP: 19/22 MP: 0/4
   310 | D:1      | Found a faded altar of an unknown god.
   320 | D:1      | Prayed at the altar of an unknown god.
   320 | D:1      | Became a worshipper of Sif Muna the Loreminder
   320 | D:1      | Reached * piety under Sif Muna
   401 | D:1      | Reached skill level 5 in Earth Magic
   974 | D:2      | Reached ** piety under Sif Muna
   975 | D:2      | Reached skill level 6 in Earth Magic
   975 | D:2      | Reached XP level 3. HP: 22/28 MP: 2/5
   978 | D:2      | Learned a level 2 spell: Passwall
  1050 | D:2      | Reached XP level 4. HP: 29/36 MP: 1/6
  1209 | D:2      | Reached skill level 2 in Spellcasting
  1258 | D:2      | Learned a level 3 spell: Stone Arrow
  1379 | D:2      | Noticed Terence
  1383 | D:2      | Killed Terence
  2357 | D:3      | Reached skill level 7 in Earth Magic
  2357 | D:3      | Reached XP level 5. HP: 33/42 MP: 1/8
  2521 | D:5      | Entered Level 5 of the Dungeon
  2539 | D:5      | You pick up a book of Debilitation and begin reading...
  2539 | D:5      | You add the spells Slow, Vampiric Draining and Confusing
                  | Touch to your library.
  2559 | D:4      | Learned a level 3 spell: Vampiric Draining
  2597 | D:4      | Found a sacrificial altar of Ru.
  2714 | D:4      | Reached skill level 1 in Necromancy
  2715 | D:4      | Noticed an ogre
  2986 | D:4      | Reached skill level 2 in Necromancy
  3099 | D:4      | Noticed an ogre
  3120 | D:4      | Killed an ogre
  3121 | D:4      | Reached skill level 3 in Necromancy
  3121 | D:4      | Reached XP level 6. HP: 21/49 MP: 2/9
  3287 | D:4      | Noticed Blork the orc
  3367 | D:4      | Reached skill level 4 in Necromancy
  3592 | D:4      | Identified the +10 spear "Wecot" {vorpal, rF+ Str+4 Dex-2}
  3871 | D:4      | Reached skill level 5 in Necromancy
  3871 | D:4      | Reached skill level 1 in Invocations
  3892 | D:4      | Found a shimmering altar of Xom.
  3914 | D:4      | Found Mathud's Distillery.
  3922 | D:4      | Bought a potion of curing for 33 gold pieces
  3922 | D:4      | Bought a potion of heal wounds for 55 gold pieces
  3922 | D:4      | Bought 2 potions of heal wounds for 110 gold pieces
  4009 | D:4      | Reached skill level 2 in Invocations
  4017 | D:4      | Reached XP level 7. HP: 36/55 MP: 4/10
  4308 | D:5      | Reached skill level 3 in Invocations
  4507 | D:5      | Reached *** piety under Sif Muna
  4545 | D:5      | Found a transporter.
  4547 | D:5      | Found a transporter.
  4587 | D:5      | Noticed a toenail golem
  4592 | D:5      | Noticed YayAnonymity's ghost (novice DrCj)
  4594 | D:5      | Noticed a small abomination
  4663 | D:5      | Found a staircase to the Ecumenical Temple.
  4828 | D:5      | Reached skill level 4 in Invocations
  4846 | D:5      | Reached skill level 5 in Invocations
  4851 | D:5      | Reached skill level 6 in Necromancy
  4944 | D:5      | Found Xivup's Distillery.
  4952 | D:5      | Bought a potion of heal wounds for 70 gold pieces
  4952 | D:5      | Bought a potion of curing for 42 gold pieces
  4952 | D:5      | Bought a potion of curing for 42 gold pieces
  5205 | D:6      | Reached skill level 6 in Invocations
  5330 | D:6      | Reached XP level 8. HP: 60/62 MP: 6/12
  5488 | D:6      | Reached skill level 7 in Invocations
  5539 | D:6      | Found an opulent altar of Gozag.
  5935 | D:6      | Reached skill level 7 in Necromancy
  5935 | D:6      | Reached skill level 8 in Invocations
  6101 | D:6      | Found Curai's General Store.
  6165 | D:6      | You pick up a book of Air and begin reading...
  6165 | D:6      | You add the spells Shock, Swiftness and Airstrike to your
                  | library.
  6200 | D:6      | Learned a level 3 spell: Swiftness
  6243 | D:6      | Noticed a komodo dragon
  6250 | D:6      | Killed a komodo dragon
  6251 | D:6      | Reached skill level 9 in Invocations
  6777 | D:6      | Reached skill level 10 in Invocations
  6777 | D:6      | Gained mutation: You passively map the area around you.
                  | [Deep Dwarf growth]
  6777 | D:6      | Reached XP level 9. HP: 35/68 MP: 16/16
  6998 | D:6      | Reached skill level 8 in Necromancy
  7238 | D:6      | Reached skill level 11 in Invocations
  7653 | D:7      | Killed an unseen horror
  7654 | D:7      | Reached skill level 9 in Necromancy
  7654 | D:7      | Reached skill level 12 in Invocations
  7809 | D:7      | Found a shadowy altar of Dithmenos.
  7819 | D:7      | Reached **** piety under Sif Muna
  7916 | D:7      | Reached skill level 13 in Invocations
  8007 | D:7      | Found a runed translucent gate.
  8032 | D:7      | Found a runed translucent gate.
  8032 | D:7      | Found a runed translucent gate.
  8114 | D:7      | Noticed SirDiesAlot's ghost (novice MiFi)
  8114 | D:7      | Noticed Cecur's ghost (novice DrCj)
  8145 | D:7      | Found a burning altar of Makhleb.
  8233 | D:7      | Reached XP level 10. HP: 75/75 MP: 15/19
  9311 | D:8      | Noticed a white ugly thing
  9336 | D:8      | Killed a white ugly thing
  9337 | D:8      | Reached skill level 1 in Fighting
  9337 | D:8      | Reached skill level 1 in Armour
  9502 | D:8      | Noticed a gargoyle
  9807 | D:8      | Killed a gargoyle
  9808 | D:8      | Reached skill level 3 in Dodging
  9872 | D:8      | Reached skill level 2 in Armour
 10057 | D:8      | Reached skill level 2 in Fighting
 10057 | D:8      | Reached skill level 10 in Necromancy
 10352 | D:8      | Reached skill level 3 in Armour
 10539 | D:9      | Reached skill level 4 in Dodging
 10539 | D:9      | Reached skill level 14 in Invocations
 10705 | D:9      | Noticed Grum
 10708 | D:9      | Reached ***** piety under Sif Muna
 10719 | D:9      | Killed Grum
 10724 | D:9      | Reached skill level 3 in Fighting
 10845 | D:9      | Found a stormy altar of Qazlal.
 10936 | D:9      | You pick up a book of Cantrips and begin reading...
 10936 | D:9      | You add the spells Animate Skeleton, Summon Small Mammal
                  | and Apportation to your library.
 11111 | D:9      | Noticed Maggie
 11121 | D:9      | Killed Maggie
 11208 | D:9      | You pick up a book of Touch and begin reading...
 11208 | D:9      | You add the spells Static Discharge, Sticky Flame and
                  | Dispel Undead to your library.
 11316 | D:9      | Noticed a two-headed ogre
 11321 | D:9      | Killed a two-headed ogre
 11322 | D:9      | Reached skill level 4 in Armour
 11322 | D:9      | Reached XP level 11. HP: 78/90 MP: 15/21
 11656 | D:9      | Noticed a wizard
 11660 | D:9      | Reached skill level 5 in Dodging
 11663 | D:9      | Killed a wizard
 11730 | D:9      | You pick up a book of Burglary and begin reading...
 11833 | D:10     | Entered Level 10 of the Dungeon
 11864 | D:10     | Received a gift from Sif Muna
 11876 | D:10     | Noticed a two-headed ogre
 11886 | D:10     | Killed a two-headed ogre
 11887 | D:10     | Reached skill level 4 in Fighting
 11949 | D:10     | You add the spells Borgnjor's Revivification, Necromutation
                  | and Death's Door to your library.
 12095 | D:10     | Noticed a skeletal warrior
 12095 | D:10     | Noticed a skeletal warrior
 12198 | D:10     | HP: 21/92 [manticore (14)]
 12203 | D:10     | Reached skill level 3 in Spellcasting
 12345 | D:10     | Found a glowing golden altar of the Shining One.
 12345 | D:10     | Found a glowing silver altar of Zin.
 12346 | D:10     | Found a white marble altar of Elyvilon.
 12417 | D:10     | Reached skill level 5 in Armour
 12417 | D:10     | Reached skill level 11 in Necromancy
 12422 | D:10     | Learned a level 4 spell: Dispel Undead
 12505 | D:10     | Noticed a skeletal warrior
 12506 | D:10     | Noticed a skeletal warrior
 12514 | D:10     | HP: 14/92 [skeletal warrior/+0 halberd (14)]
 12514 | D:10     | HP: 6/92 [skeletal warrior/+0 halberd (8)]
 12591 | D:11     | HP: 22/92 [yak (9)]
 12667 | D:11     | HP: 22/92 [yak (8)]
 12736 | D:11     | Identified the +1 cloak of Plasticity {Fly}
 12796 | D:11     | Reached skill level 6 in Dodging
 12911 | D:11     | Noticed experimilk's ghost (journeyman PaFi)
 12938 | D:11     | Found a runed translucent door.
 12960 | D:11     | Found a staircase to the Lair.
 12980 | D:11     | Noticed Fannar
 12996 | Lair:1   | Entered Level 1 of the Lair of Beasts
 13227 | Lair:1   | Reached skill level 15 in Invocations
 13664 | Lair:1   | Reached skill level 5 in Fighting
 13664 | Lair:1   | Reached skill level 4 in Spellcasting
 13888 | Lair:1   | Identified the +6 flail "Nuwoteekk" {vorpal, Drain Will+
                  | rCorr Int+3}
 14104 | Lair:1   | Reached skill level 6 in Armour
 14104 | Lair:1   | Reached XP level 12. HP: 103/103 MP: 22/23
 14835 | Lair:2   | Reached skill level 7 in Dodging
 15093 | Lair:2   | Noticed drugrobin's ghost (journeyman DgFi)
 15115 | Lair:2   | Found a transporter.
 15119 | Lair:2   | Found a transporter.
 15180 | Lair:2   | Noticed a boulder beetle
 15199 | Lair:2   | Killed a boulder beetle
 15655 | Lair:2   | Found a staircase to the Shoals.
 15666 | Lair:2   | Reached skill level 7 in Armour
 15666 | Lair:2   | Reached skill level 12 in Necromancy
 16014 | Lair:3   | Noticed Amaemon
 16024 | Lair:3   | Killed Amaemon
 16026 | Lair:3   | Noticed a four-headed hydra
 16027 | Lair:3   | Reached skill level 6 in Fighting
 16027 | Lair:3   | Reached skill level 5 in Spellcasting
 16166 | Lair:3   | Killed a four-headed hydra
 16448 | Lair:3   | Identified the +5 chain mail "Sanea" {rElec rN+ MP-9}
 16517 | Lair:3   | Found a hole to the Spider Nest.
 16860 | Lair:3   | You are sucked into a shaft and drop 3 floors!
 16860 | Lair:6   | Entered Level 6 of the Lair of Beasts
 17001 | Lair:6   | Reached skill level 8 in Dodging
 17149 | Lair:6   | Reached skill level 16 in Invocations
 17270 | Lair:6   | Reached XP level 13. HP: 85/112 MP: 5/25
 17517 | Lair:6   | Received a gift from Sif Muna
 17672 | Lair:6   | You add the spells Pain, Dazzling Flash, Excruciating
                  | Wounds, Iron Shot and Death Channel to your library.
 17672 | Lair:6   | Got Sif Muna's Grimoire of Combat Magic and Sinister
                  | Secrets {god gift}
 18098 | Lair:6   | Learned a level 6 spell: Death Channel
 18271 | Lair:6   | Reached skill level 13 in Necromancy
 18294 | Lair:6   | Reached skill level 8 in Armour
 19460 | Lair:6   | You pick up a book of Minor Magic and begin reading...
 19460 | Lair:6   | You add the spells Magic Dart, Call Imp and Mephitic Cloud
                  | to your library.
 19588 | Lair:6   | Reached skill level 6 in Spellcasting
 19642 | Lair:6   | Reached skill level 7 in Fighting
 20765 | Lair:5   | You pick up a book of Lightning and begin reading...
 20765 | Lair:5   | You add the spells Lightning Bolt and Maxwell's Capacitive
                  | Coupling to your library.
 20863 | Lair:5   | Reached skill level 9 in Dodging
 21265 | Lair:5   | Found a staircase to the Slime Pits.
 21266 | Lair:5   | Found a viscous altar of Jiyva.
 21796 | Lair:4   | Reached skill level 14 in Necromancy
 21955 | Lair:4   | Gained mutation: You resist negative energy. (rN+) [Deep
                  | Dwarf growth]
 21955 | Lair:4   | Reached XP level 14. HP: 119/123 MP: 11/26
 22310 | Lair:4   | Reached skill level 9 in Armour
 23489 | Lair:3   | Reached skill level 17 in Invocations
 24397 | Lair:1   | Killed Fannar
 24729 | D:11     | Received a gift from Sif Muna
 24730 | D:11     | You add the spells Animate Dead, Agony and Haunt to your
                  | library.
 24730 | D:11     | Got Sif Muna's Incunabulum of Sinister Secrets {god gift}
 24741 | D:11     | Learned a level 4 spell: Animate Dead
 24963 | D:11     | Identified the ring of Perfectionism {Wiz rN+ Dex+6}
 24978 | D:11     | Identified the +1 robe "Tustaschi" {rElec Regen+ Int-2
                  | SInv}
 25597 | D:11     | Found a staircase to the Orcish Mines.
 25606 | Orc:1    | Entered Level 1 of the Orcish Mines
 26103 | Orc:1    | Reached skill level 7 in Spellcasting
 26110 | Orc:1    | Reached skill level 8 in Fighting
 26121 | Orc:1    | Reached skill level 10 in Dodging
 26679 | Orc:2    | Entered Level 2 of the Orcish Mines
 26698 | Orc:1    | HP: 23/126 [two-headed ogre/+0 giant club (11)]
 26854 | D:12     | Reached skill level 15 in Necromancy
 27223 | D:12     | Received a gift from Sif Muna
 27224 | D:12     | You pick up a book of Maledictions and begin reading...
 27224 | D:12     | You add the spells Tukima's Dance, Anguish and Enfeeble to
                  | your library.
 27371 | D:12     | Reached skill level 10 in Armour
 28266 | D:13     | HP: 28/126 [centaur warrior/arrow (10)]
 28278 | D:13     | HP: 18/126 [centaur warrior/arrow (13)]
 28328 | D:13     | Slain by a boulder beetle

Vanquished Creatures
  Fannar (Lair:1)
  6 hydras
  An ogre mage (Orc:1)
  A catoblepas (Lair:6)
  A boulder beetle (Lair:2)
  8 two-headed ogres
  2 death yaks (Lair:4)
  Amaemon (Lair:3)
  A goliath frog (Lair:6)
  A wizard (D:9)
  An orc knight (D:12)
  2 deep elf pyromancers (D:12)
  An ugly thing (D:8)
  An oklob plant (Lair:5)
  A manticore (D:10)
  15 elephants
  2 black mambas
  A torpor snail (Lair:4)
  2 kobold demonologists
  4 gargoyles
  An orange demon (Lair:3)
  21 cane toads
  An unseen horror (D:7)
  Maggie (D:9)
  6 komodo dragons
  5 rime drakes
  A freezing wraith (D:11)
  2 trolls
  4 tyrant leeches (Lair:6)
  6 dream sheep (Lair:6)
  26 blink frogs
  A snapping turtle (Lair:2)
  7 wyverns
  A shadow (D:9)
  52 yaks
  Grum (D:9)
  2 wraiths
  A basilisk (Lair:4)
  7 vampire mosquitoes
  3 steam dragons
  An acid dragon (D:12)
  12 water moccasins
  A black bear (D:5)
  13 orc warriors
  A sky beast (D:6)
  An ice beast (D:7)
  4 centaurs
  26 wolves
  13 ogres
  2 phantoms
  5 kobold brigands
  18 bullfrogs
  2 gnoll sergeants (D:11)
  10 scorpions
  A necrophage (D:6)
  12 wights
  15 killer bees
  2 howler monkeys (D:11)
  9 electric eels (D:11)
  A crimson imp (D:9)
  6 orc priests
  2 jellies (D:6)
  5 hounds
  A gnoll shaman (D:6)
  4 iguanas
  19 orc wizards
  Terence (D:2)
  2 ogre zombies (Orc:1)
  11 adders
  16 gnolls
  A shadow imp (D:6)
  2 white imps
  An ufetubus (D:7)
  3 worms
  3 dart slugs
  61 orcs
  4 ball pythons
  6 endoplasms
  7 giant cockroaches
  5 goblins
  3 hobgoblins
  6 jackals (D:2)
  3 quokkas
  7 bats
  5 frilled lizards
  23 kobolds
  2 rats
560 creatures vanquished.

Vanquished Creatures (collateral kills)
  2 two-headed ogres (Orc:1)
  A centaur warrior (D:13)
  An elephant (Lair:6)
  A blink frog (Lair:6)
  An orc warrior (D:11)
  4 ogres (Orc:1)
  A centaur (D:13)
  2 orc priests
  A gnoll (D:11)
  11 orcs
25 creatures vanquished.

Vanquished Creatures (others)
  An orc (D:11)
  A bush (Lair:6)
  49 fungi
  109 plants
  4 toadstools (D:4)
  6 withered plants (D:7)
170 creatures vanquished.

Grand Total: 755 creatures vanquished

Table legend:
 A = Non-vault XP
 B = Vault XP
 C = Vault XP percentage of total XP
 D = Non-vault monster count
 E = Vault monster count
 F = Vault count percentage of total count
                 A         B        C        D         E       F
            +---------+---------+-------+---------+---------+-------
      Total |   65943 |   28124 |  29.9 |     430 |     155 |  26.5
            +---------+---------+-------+---------+---------+-------
        D:1 |      34 |       0 |   0.0 |      20 |       0 |   0.0
        D:2 |     108 |      30 |  21.7 |      24 |       1 |   4.0
        D:3 |      26 |       0 |   0.0 |       8 |       0 |   0.0
        D:4 |     558 |       9 |   1.6 |      28 |       3 |   9.7
        D:5 |     540 |       0 |   0.0 |      16 |       0 |   0.0
        D:6 |    1044 |    1407 |  57.4 |      19 |      15 |  44.1
        D:7 |    2263 |       0 |   0.0 |      40 |       0 |   0.0
        D:8 |    2709 |       0 |   0.0 |      27 |       0 |   0.0
        D:9 |    1964 |    1731 |  46.8 |      12 |       8 |  40.0
       D:10 |    3496 |       0 |   0.0 |      19 |       0 |   0.0
       D:11 |    3852 |    1489 |  27.9 |      40 |      25 |  38.5
       D:12 |    4402 |    1469 |  25.0 |      13 |      24 |  64.9
       D:13 |    1359 |       0 |   0.0 |       4 |       0 |   0.0
     Lair:1 |    4608 |    2400 |  34.2 |      18 |       9 |  33.3
     Lair:2 |    5632 |     862 |  13.3 |      21 |       4 |  16.0
     Lair:3 |    5564 |    2459 |  30.6 |      18 |      11 |  37.9
     Lair:4 |   10895 |       0 |   0.0 |      31 |       0 |   0.0
     Lair:5 |    5023 |      93 |   1.8 |      15 |       1 |   6.2
     Lair:6 |   10329 |    8631 |  45.5 |      36 |      31 |  46.3
      Orc:1 |    1537 |    7544 |  83.1 |      21 |      23 |  52.3
            +---------+---------+-------+---------+---------+-------

Illustrated notes

Table legend:
 A = Kills in this place as a percentage of kills in entire the game.
 B = Kills by you in this place as a percentage of kills by you in the entire game.
 C = Kills by friends in this place as a percentage of kills by friends in the entire game.
 D = Other kills in this place as a percentage of other kills in the entire game.
 E = Experience gained in this place as a percentage of experience gained in the entire game.
 F = Experience gained in this place divided by the number of levels of this place that you have seen.
                   A       B       C       D       E      F
               +-------+-------+-------+-------+-------+----------------------
         Total | 100.0 | 100.0 | 100.0 |   N/A | 100.0 | 4479.4
       Dungeon |  59.1 |  59.3 |  56.0 |   N/A |  30.3 | 2191.5
          Lair |  33.3 |  34.5 |   8.0 |   N/A |  60.1 | 9416.0
  Orcish Mines |   7.5 |   6.2 |  36.0 |   N/A |   9.7 | 4540.5
               +-------+-------+-------+-------+-------+----------------------

Table legend: (Time is in decaauts)
 A = Elapsed time spent in this place.
 B = Non-inter-level travel time spent in this place.
 C = Inter-level travel time spent in this place.
 D = Time resting spent in this place.
 E = Time spent auto-exploring this place.
 F = Levels seen in this place.
 G = Mean time per level.
                   A        B        C        D        E       F      G
               +--------+--------+--------+--------+--------+-----+--------+
         Total |  28396 |  27625 |    771 |   4587 |  19380 |  21 | 1352.2 |
       Dungeon |  15798 |  15222 |    576 |   2363 |  10704 |  13 | 1215.2 |
          Lair |  11437 |  11274 |    163 |   2070 |   7905 |   6 | 1906.2 |
  Orcish Mines |   1160 |   1128 |     32 |    154 |    771 |   2 |  580.0 |
               +--------+--------+--------+--------+--------+-----+--------+

Top non-repeatable levels by time:
  Lair:6: 3268 daAuts
     D:6: 2180 daAuts
  Lair:1: 1939 daAuts
     D:4: 1890 daAuts
  Lair:4: 1800 daAuts
     D:7: 1789 daAuts
  Lair:3: 1741 daAuts
    D:11: 1591 daAuts
     D:9: 1440 daAuts
  Lair:2: 1364 daAuts
  Lair:5: 1323 daAuts
     D:8: 1271 daAuts
    D:12: 1254 daAuts
     D:2: 1165 daAuts
   Orc:1: 1151 daAuts
